 Dungeon Crawl Stone Soup version 0.20.0-15-g7f486f2 (webtiles) character file.

1206 KleinerIrrer the Blocker (level 8, -1/60 HPs)
             Began as a Formicid Fighter on June 30, 2017.
             Slain by an orc warrior
             ... wielding a +0 battleaxe
              (4 damage)
             ... on level 6 of the Dungeon.
             The game lasted 00:10:34 (4459 turns).

KleinerIrrer the Blocker (Formicid Fighter)         Turns: 4459, Time: 00:10:35

Health: -1/60      AC:  7    Str: 23    XL:     8   Next: 73%
Magic:  8/8        EV:  9    Int:  8    God:
Gold:   242        SH: 11    Dex: 10    Spells: 7/7 levels left

rFire    . . .     SeeInvis +   o - +0 whip (venom)
rCold    . . .     Gourm    .   c - +0 shield
rNeg     . . .     Faith    .   b - +0 scale mail
rPois    .         Spirit   .   (helmet unavailable)
rElec    .         Reflect  .   (no cloak)
rCorr    .         Harm     .   (no gloves)
MR       .....                  (no boots)
Stlth    ..........             (no amulet)
Regen    0.2/turn               (no ring)
MPRegen  0.2/turn               (no ring)

@: no status effects
A: permanent stasis, dig shafts and tunnels, four strong arms, antennae 3
a: Dig, Shaft Self


You were on level 6 of the Dungeon.
You were not hungry.

You visited 2 branches of the dungeon, and saw 8 of its levels.

You collected 242 gold pieces.

Inventory:

Hand Weapons
 a - a +0 war axe
 o - a +0 whip of venom (weapon)
Armour
 b - a +0 scale mail (worn)
 c - a +0 shield (worn)
Jewellery
 h - an uncursed amulet of faith
Wands
 m - a wand of confusion (25/48)
Scrolls
 d - 6 scrolls of remove curse
 g - a scroll of enchant weapon {unknown}
 l - a scroll of identify
 n - a scroll of recharging {unknown}
Potions
 j - 2 potions of degeneration
 p - a potion of curing
Books
 e - a book of Minor Magic

   Spells                             Type                      Level
   a - Magic Dart                     Conjuration                  1
   b - Blink                          Translocation                2
   c - Call Imp                       Summoning                    2
   d - Slow                           Hexes                        2
   e - Conjure Flame                  Conjuration/Fire             3
   f - Mephitic Cloud                 Conjuration/Poison/Air       3
Comestibles
 f - 2 bread rations
 i - 3 chunks of flesh
 k - 3 meat rations


   Skills:
 - Level 3.8 Fighting
 * Level 7.3 Axes
 - Level 3.8 Armour
 - Level 8.4 Shields
 + Level 0.9 Evocations


You had 7 spell levels left.
You didn't know any spells.

Dungeon Overview and Level Annotations

Branches:
Dungeon (7/15)             Temple (1/1) D:6

Altars:
Ashenzari
Dithmenos
Elyvilon
Fedhas
Gozag
Makhleb
Qazlal
Ru
Trog
Uskayaw
Xom
Zin

Annotations:
D:5 KleinerIrrer's ghost, novice FoFi


Innate Abilities, Weirdness & Mutations

You cannot be hasted, slowed, berserked, paralysed or teleported.
You can dig through walls and to a lower floor.
Your four strong arms can wield two-handed weapons with a shield.
You have a pair of large antennae on your head. (SInv)


Message History

You block the orc warrior's attack.
You hit the orc warrior.
The orc warrior is poisoned.
The orc warrior is lightly wounded.
You block the orc warrior's attack.
You hit the orc warrior but do no damage.
The orc warrior is lightly wounded.
You hit the orc warrior but do no damage.
The orc warrior is moderately wounded.
The orc warrior barely misses you.
You closely miss the orc warrior.
The orc warrior is moderately wounded.
The orc warrior hits you with a battleaxe.
* * * LOW HITPOINT WARNING * * *
You hit the orc warrior but do no damage.
The orc warrior is moderately wounded.
You hit the orc warrior.
The orc warrior looks as sick as possible!
The orc warrior is heavily wounded.
The orc warrior hits you with a battleaxe.
You die...

#######...#......#
##..###......#
##..####......#
#.)###........#
#.####.#......#
#...........###
####.............#
#.............##)#
..............##@#
..##..........##o##
####....########..########
####....# ##.#.#.#.#.##
#.....### #...........#
........# ###.#.#.#.#.##
........# #..<.........#
........# #.#.#.#.#.#?##
........####
#............#


You could see an orc warrior.

Vanquished Creatures
  Sigmund (D:6)
  A phantom (D:2)
  An ice beast (D:6)
  2 ogres (D:6)
  A big kobold (D:6)
  2 bullfrogs (D:6)
  Blork the orc (D:4)
  3 orc wizards
  3 hounds
  A bullfrog skeleton (D:4)
  An orc priest (D:3)
  2 iguanas
  2 worker ants
  A worker ant zombie (D:5)
  6 adders
  A worm (D:2)
  3 leopard geckos
  10 orcs
  A ball python (D:2)
  5 giant cockroaches
  6 goblins
  4 hobgoblins
  2 jackals (D:2)
  8 kobolds
  3 bats
  3 frilled lizards
  A jackal skeleton (D:5)
  3 rats
78 creatures vanquished.

Notes
Turn   | Place    | Note
-------+----------+-------------------------------------------
     0 | D:1      | KleinerIrrer the Formicid Fighter began the quest for the Orb.
     0 | D:1      | Reached XP level 1. HP: 18/18 MP: 1/1
   173 | D:2      | Reached skill level 4 in Shields
   307 | D:2      | Reached XP level 2. HP: 24/24 MP: 2/2
   438 | D:2      | Reached XP level 3. HP: 29/29 MP: 3/3
   562 | D:2      | Reached XP level 4. HP: 37/37 MP: 4/4
   706 | D:3      | Noticed a phantom
   789 | D:2      | Killed a phantom
   789 | D:2      | Reached skill level 6 in Shields
   789 | D:2      | Reached XP level 5. HP: 19/42 MP: 5/5
   806 | D:3      | Reached XP level 6. HP: 17/48 MP: 6/6
  1018 | D:3      | Found a burning altar of Makhleb.
  1076 | D:3      | HP: 1/48 [orc priest/divine providence (11)]
  1082 | D:3      | Reached skill level 7 in Shields
  1766 | D:4      | Noticed Blork the orc
  1777 | D:4      | Killed Blork the orc
  1777 | D:4      | Reached skill level 8 in Shields
  1777 | D:4      | Reached XP level 7. HP: 24/53 MP: 7/7
  2063 | D:4      | Found a sacrificial altar of Ru.
  2638 | D:5      | Entered Level 5 of the Dungeon
  2646 | D:5      | Noticed KleinerIrrer's ghost (novice FoFi)
  2991 | D:5      | You fall through a shaft!
  3246 | D:6      | Noticed Sigmund
  3276 | D:6      | Found a shattered altar of Ashenzari.
  3293 | D:6      | Killed Sigmund
  3656 | D:6      | Reached skill level 5 in Axes
  3656 | D:6      | Reached XP level 8. HP: 51/60 MP: 8/8
  4104 | D:6      | Found a staircase to the Ecumenical Temple.
  4114 | Temple   | Entered the Ecumenical Temple
  4457 | D:6      | HP: 3/60 [orc warrior/battleaxe (6)]
  4459 | D:6      | Slain by an orc warrior

Skill      XL: |  1  2  3  4  5  6  7  8 |
---------------+-------------------------+-----
Shields        | 4 6 8 |  8.4
Axes           | 5 7 |  7.3
Fighting       | |  3.8
Armour         | |  3.8
Evocations     | |  0.9

Action                   |  1- 3 |  4- 6 |  7- 9 || total
-------------------------+-------+-------+-------++-------
Melee: War axe           |    49 |   111 |    48 ||   208
       Whip              |       |    13 |   130 ||   143
 Abil: Shaft Self        |       |       |     1 ||     1
Evoke: Wand              |       |       |     2 ||     2
  Use: Potion            |       |     6 |     1 ||     7
       Scroll            |       |       |     4 ||     4
 Stab: Invisible         |       |     1 |       ||     1
  Eat: Chunk             |       |     1 |     7 ||     8
       Bread ration      |       |     1 |       ||     1
Armor: Scale mail        |    21 |    63 |    57 ||   141
Dodge: Dodged            |    10 |    48 |    65 ||   123
Block: Shield            |    33 |    79 |    90 ||   202
